 Dungeon Crawl Stone Soup version 0.19-a0-742-g4563caa (webtiles) character file.

109 4thArraOfDagon the Cudgeler (level 4, -20/44 HPs)
             Began as an Ogre Enchanter on June 23, 2016.
             Demolished by an ogre
             ... wielding a +0 giant spiked club
              (25 damage)
             ... on level 4 of the Dungeon.
             The game lasted 00:04:30 (825 turns).

4thArraOfDagon the Cudgeler (Ogre Enchanter)         Turns: 825, Time: 00:04:30

Health: -20/44     AC:  5    Str: 10 (13) XL:     4   Next: 89%
Magic:  7/7        EV: 10    Int: 17 (20) God:
Gold:   73         SH:  0    Dex:  9 (10) Spells: 2 memorised, 4 levels left

rFire  . . .     SeeInvis .     n - +0 mace
rCold  . . .     Gourm    .     b - +1 robe
rNeg   . . .     Faith    .     (no shield)
rPois  .         Spirit   .     (helmet restricted)
rElec  .         Dismiss  .     l - +0 cloak
rCorr  .         Reflect  .     (gloves unavailable)
SustAt .         Harm     .     (boots unavailable)
MR     .....                    (no amulet)
Stlth  +.........               (no ring)
                                (no ring)

@: brilliant, not resistant to hostile enchantments, very unstealthy
A: unfitting armour, tough skin 1
a: no special abilities


You were on level 4 of the Dungeon.
You were not hungry.

You visited 1 branch of the dungeon, and saw 6 of its levels.

You collected 73 gold pieces.

Inventory:

Hand Weapons
 a - a +1 dagger
 f - a +0 club
 k - a +0 whip
 n - a +0 mace (weapon)
Armour
 b - a +1 robe (worn)
 l - a +0 cloak (worn)
Scrolls
 e - 2 scrolls of recharging {unknown}
 g - a scroll of enchant weapon {unknown}
 h - a scroll of random uselessness {unknown}
 i - a scroll of identify {unknown}
 j - a scroll of remove curse {unknown}
 p - a scroll of magic mapping {unknown}
Potions
 r - a potion of brilliance
Books
 c - a book of Maledictions

   Spells                             Type                      Level
   a - Corona                         Hexes                        1
   b - Ensorcelled Hibernation        Hexes/Ice                    2
   c - Confuse                        Hexes                        3
   d - Tukima's Dance                 Hexes                        3
   e - Dazzling Spray                 Conjuration/Hexes            3
Comestibles
 d - a bread ration
 m - a meat ration
 s - a slice of pizza


   Skills:
 + Level 2.3 Fighting
 - Level 0.5 Short Blades
 * Level 5.0 Maces & Flails
 - Level 1.7 Dodging
 - Level 2.4 Stealth
 - Level 2.4 Spellcasting
 - Level 2.1 Hexes


You had 4 spell levels left.
You knew the following spells:

 Your Spells              Type           Power        Failure   Level  Hunger
a - Corona                Hex            ###....      1%          1    #......
b - Ensorcelled Hibernat  Hex/Ice        ###...       2%          2    ##.....


Dungeon Overview and Level Annotations

Branches:
Dungeon (6/15)
 Temple: D:4-7

Altars:
Gozag
Okawaru


Innate Abilities, Weirdness & Mutations

You are too large for most types of armour.
You have tough skin. (AC +1)


Message History

* * * LOW HITPOINT WARNING * * *
The ogre barely misses you.
Unknown command.
Unknown command.
Unknown command.
It was a potion of brilliance.
You feel clever all of a sudden.
Unknown command.
Unknown command.
Unknown command.
The ogre closely misses you.
It was a potion of degeneration.
There was something very wrong with that liquid.
You feel weakened.
You feel dopey.
You feel clumsy.
Unknown command.
You thump the ogre!
The ogre is almost dead.
The ogre hits you with a giant spiked club!!
Ouch! That really hurt!
You die...

#.###......### ##.##... #.#
##.##....# ##.######
##.#######....# ##..#
##....######.8.# ##..## #
##.≈≈.....###...###...# ##
##.≈≈...###....8.##....#
.###.≈≈≈...#........).....#######
.##..≈≈≈..##...O8.8.#............
.#.#.≈≈.####....@.............8.8
...#....# ######................
...###### ######..........8 ...##
#........... ....# ##(.........
....# #.......... ....#
#.....###.. ....# #.....# ###
....# #..#..


You could see an ogre.

Vanquished Creatures
  A hound (D:4)
  A giant frog skeleton (D:5)
  A hound skeleton (D:4)
  An adder (D:2)
  3 dart slugs
  An orc (D:4)
  A ball python (D:5)
  2 giant cockroaches
  2 goblins (D:2)
  4 hobgoblins
  A quokka (D:4)
  A bat (D:2)
  4 kobolds
  4 rats
27 creatures vanquished.

Notes
Turn   | Place    | Note
--------------------------------------------------------------
     0 | D:1      | 4thArraOfDagon the Ogre Enchanter began the quest for the Orb.
     0 | D:1      | Reached XP level 1. HP: 16/16 MP: 3/3
    63 | D:1      | You fall through a shaft!
    68 | D:2      | Reached XP level 2. HP: 26/29 MP: 3/5
   172 | D:2      | Reached skill level 1 in Maces & Flails
   176 | D:2      | Learned a level 2 spell: Ensorcelled Hibernation
   263 | D:2      | Reached skill level 2 in Maces & Flails
   271 | D:2      | Reached XP level 3. HP: 31/36 MP: 3/6
   494 | D:5      | Entered Level 5 of the Dungeon
   548 | D:5      | Reached skill level 3 in Maces & Flails
   548 | D:5      | Reached XP level 4. HP: 21/44 MP: 7/7
   566 | D:4      | Found an iron altar of Okawaru.
   596 | D:4      | Found an opulent altar of Gozag.
   668 | D:4      | Reached skill level 4 in Maces & Flails
   744 | D:4      | Reached skill level 5 in Maces & Flails
   790 | D:4      | Noticed an ogre
   795 | D:4      | HP: 1/44 [ogre/giant spiked club (17)]
   825 | D:4      | Demolished by an ogre

Vault maps used:
D:1:      matt_arrival_spirals, serial_corexii_hall, corexii_hall_statues_x,
          corexii_hall_statues_l, minmay_crystal_water
D:2:      gammafunk_temple_overflow_elements, first_bread
D:3:      nicolae_gozag_seed_capital
D:4:      serial_column_ruins, column_ruins_hut, column_ruins_temple_circle,
          column_ruins_open_small_water, column_ruins_columns_corner,
          column_ruins_grid_3, column_ruins_columns_corner,
          column_ruins_open_small, column_ruins_open_tiny, serial_shops, shop,
          okawaru_ov_weapons_minmay
D:5:      serial_shops, shop_fountains, trog_hazing_becter

Skill      XL: |  1  2  3  4 |
---------------+-------------+-----
Fighting       | 2 |  2.3
Maces & Flails | 2 3 5 |  5.0
Short Blades   | |  0.5
Dodging        | |  1.7
Stealth        | |  2.4
Spellcasting   | |  2.4
Hexes          | |  2.1

Action                   |  1- 3 |  4- 6 || total
-------------------------+-------+-------++-------
Melee: Dagger            |    82 |     6 ||    88
       Mace              |       |    19 ||    19
Throw: Large rock        |       |     4 ||     4
 Cast: Corona            |     8 |     5 ||    13
       Ensorcelled Hiber |     3 |       ||     3
  Use: Potion            |       |     2 ||     2
 Stab: Sleeping          |     6 |       ||     6
Armor: Robe              |    21 |    10 ||    31
Dodge: Dodged            |    40 |    12 ||    52
